 Dungeon Crawl Stone Soup version 0.18-a0-1577-gf591c28 (webtiles) character file.

35 Duffy the Firebug (level 3, 0/19 HPs)
             Began as a Deep Elf Fire Elementalist on Mar 18, 2016.
             Slain by a goblin
             ... wielding a +0 club
             ... led by Robin
              (3 damage)
             ... on level 4 of the Dungeon.
             The game lasted 00:01:23 (1085 turns).

Duffy the Firebug (Deep Elf Fire Elementalist)      Turns: 1085, Time: 00:01:24

Health: 0/19       AC:  5    Str:  5    XL:     3   Next: 17%
Magic:  1/9        EV: 13    Int: 19    God:
Gold:   110        SH:  0    Dex: 16    Spells: 2 memorised, 4 levels left

rFire  . . .     SeeInvis .     (no weapon)
rCold  . . .     Gourm    .     a - +0 robe
rNeg   . . .     Faith    .     (no shield)
rPois  .         Spirit   .     (no helmet)
rElec  .         Dismiss  .     (no cloak)
rCorr  .         Reflect  .     (no gloves)
SustAt .         Harm     .     (no boots)
MR     .....                    (no amulet)
Stlth  ++........               (no ring)
                                j - +3 ring of protection

@: very slightly contaminated, not resistant to hostile enchantments, unstealthy
A: no striking features
a: no special abilities


You were on level 4 of the Dungeon.
You were not hungry.

You visited 1 branch of the dungeon, and saw 3 of its levels.

You collected 110 gold pieces.


   Skills:
 - Level 2.4 Dodging
 - Level 2.4 Stealth
 + Level 3.0 Spellcasting
 * Level 3.3 Conjurations
 * Level 3.4 Fire Magic


You had 4 spell levels left.
You knew the following spells:

 Your Spells              Type           Power        Failure   Level  Hunger
a - Flame Tongue          Conj/Fire      ###..        4%          1    None
l - Conjure Flame         Conj/Fire      ###.....     12%         3    ###....

Inventory:

Armour
 a - a +0 robe (worn)
Jewellery
 j - a +3 ring of protection (left hand)
Scrolls
 d - a scroll of identify {unknown}
 i - a scroll of fear {unknown}
Potions
 e - a potion of ambrosia {unknown}
Books
 b - a book of Flames
Comestibles
 c - a bread ration
 f - a royal jelly
 g - a meat ration
 h - a beef jerky

Dungeon Overview and Level Annotations

Branches:
Dungeon (2/15)

Altars:

Annotations:
D:4 Robin


Message History

The flame tongue misses the goblin.
Cast which spell? (? or * to list)
Aiming: Flame Tongue
Press: ? - help, Shift-Dir - straight line, f/p - goblin
Aim: a goblin, wielding a dagger You miscast Flame Tongue.
You are very lightly contaminated with residual magic.
Nothing appears to happen.
The goblin hits you with a dagger.
Cast which spell? (? or * to list)
Aiming: Flame Tongue
Press: ? - help, Shift-Dir - straight line, f/p - goblin
Aim: a goblin, wielding a dagger The flame tongue hits the goblin.
You kill the goblin!
Cast which spell? (? or * to list)
Aiming: Flame Tongue
Press: ? - help, Shift-Dir - straight line, f - goblin
Aim: a goblin, wielding a club You miscast Flame Tongue.
Wisps of smoke drift from your hands. The goblin closely misses you.
Cast which spell? (? or * to list)
Aiming: Flame Tongue
Press: ? - help, Shift-Dir - straight line, f/p - goblin
Aim: a goblin, wielding a club The flame tongue hits the goblin.
The goblin is moderately wounded.
The goblin hits you with a club.
Cast which spell? (? or * to list)
Aiming: Flame Tongue
Press: ? - help, Shift-Dir - straight line, f/p - goblin
Aim: a goblin, wielding a club (moderately wounded)
The flame tongue hits the goblin.
The goblin is severely wounded.
The goblin hits you with a club.
You die...

###### ##....#
.... #.....#.....
#.....#.....
#.)@..#.....
#.g####....
###....# #.o..#
#....+ #+
#....####+###+##.?
####.g..g.........
#..............
#.......g......


You could see a goblin.

Action                   || total
-------------------------++-------
 Cast: Flame Tongue      ||    51

Notes
Turn   | Place    | Note
--------------------------------------------------------------
     0 | D:1      | Duffy the Deep Elf Fire Elementalist began the quest for the Orb.
     0 | D:1      | Reached XP level 1. HP: 10/10 MP: 6/6
   278 | D:1      | Reached skill level 2 in Conjurations
   322 | D:1      | Reached XP level 2. HP: 15/15 MP: 6/8
   696 | D:1      | Reached skill level 3 in Conjurations
   936 | D:2      | Reached XP level 3. HP: 19/19 MP: 6/9
  1032 | D:2      | Learned a level 3 spell: Conjure Flame
  1052 | D:2      | You fall through a shaft for 2 floors!
  1052 | D:4      | Noticed Robin
  1085 | D:4      | Slain by a goblin

Vault maps used:
D:1:      minmay_arrival_loop
D:2:      minmay_lizard_king
D:4:      xom_confusion_cloud, johnstein_pakellas_death_squad, uniq_robin,
          uniq_duvessa, uniq_natasha, uniq_edmund

Vanquished Creatures
  2 dart slugs
  A giant gecko
  An orc
  A giant cockroach
  4 goblins
  6 hobgoblins
  4 jackals
  A quokka
  2 bats
  A giant newt
  2 kobolds
  2 rats
27 creatures vanquished.
